 Dungeon Crawl Stone Soup version 0.29.0-4-gdea44cf6ec (webtiles) character file.

Game seed: 3942676425201895110

1839 apoch the Cleaver (level 9, -5/80 HPs)
             Began as a Hill Orc Fighter on Aug 26, 2022.
             Was a Priest of Wu Jian.
             Slain by an orc warrior
             ... wielding a +0 long sword
              (7 damage)
             ... on level 7 of the Dungeon.
             The game lasted 00:16:52 (7010 turns).

apoch the Cleaver (Hill Orc Fighter)                Turns: 7010, Time: 00:16:53

Health: -5/80      AC: 11    Str: 23    XL:     9   Next: 11%
Magic:  9/9        EV:  7    Int:  8    God:    Wu Jian [***...]
Gold:   457        SH:  4    Dex: 10    Spells: 8/8 levels left

rFire   . . .      SeeInvis +   a - +0 war axe
rCold   . . .      Faith    .   c - +0 buckler
rNeg    . . .      Spirit   .   k - +0 chain mail
rPois   +          Reflect  .   (no helmet)
rElec   .          Harm     .   (no cloak)
rCorr   .          Rampage  .   f - +0 pair of gloves
Will    .....                   (no boots)
Stlth   ..........              H - amulet of regeneration
HPRegen 1.03/turn               s - ring of see invisible
MPRegen 0.11/turn               D - ring of poison resistance

@: no status effects
A: no striking features
a: Renounce Religion, Wall Jump, Serpent's Lash


You were on level 7 of the Dungeon.
You worshipped Wu Jian.
Wu Jian was most pleased with you.
You visited 1 branch of the dungeon, and saw 7 of its levels.
You also visited: Sewer.

You collected 457 gold pieces.

Inventory:

Hand Weapons
 a - a +0 war axe (weapon)
 b - a +0 sling
Missiles
 u - 16 poisoned darts (quivered)
 A - 2 datura-tipped darts
 B - 9 boomerangs
 F - 32 stones
 I - 2 throwing nets
Armour
 c - a +0 buckler (worn)
 f - a +0 pair of gloves (worn)
 k - a +0 chain mail (worn)
 p - a +0 scale mail
Jewellery
 i - a +6 ring of dexterity
 j - a ring of ice
 n - a ring of positive energy
 o - a ring of magical power
 s - a ring of see invisible (left hand)
 D - a ring of poison resistance (right hand)
 E - a +6 ring of intelligence
 H - an amulet of regeneration (around neck)
 L - a ring of fire
 O - an amulet of reflection
 R - a ring of flight
Wands
 K - a wand of digging (1)
 N - a wand of iceblast (10)
 P - a wand of charming (10)
Scrolls
 e - 4 scrolls of fog
 m - 4 scrolls of noise
 q - 3 scrolls of blinking {unknown}
 r - a scroll of torment {unknown}
 t - 3 scrolls of identify {unknown}
 v - a scroll of magic mapping
 y - a scroll of amnesia {unknown}
 z - 2 scrolls of teleportation {unknown}
Potions
 d - 3 potions of might
 g - 8 potions of brilliance {unknown}
 h - a potion of resistance {unknown}
 l - 2 potions of ambrosia {unknown}
 w - a potion of invisibility {unknown}
 x - a potion of curing
 C - 2 potions of attraction {unknown}
 G - 3 potions of heal wounds {unknown}
 J - a potion of degeneration {unknown}
 M - 4 potions of flight {unknown}
 Q - 2 potions of haste


   Skills:
 + Level 7.7 Fighting
 * Level 10.8 Axes
 + Level 7.1 Armour
 - Level 3.7 Shields


You had 8 spell levels left.
You didn't know any spells.
Your spell library contained the following spells:

 Spells                   Type           Power      Damage    Failure   Level
 Beastly Appendage        Tmut           0%         N/A       98%         1
 Confusing Touch          Hex            0%         N/A       100%        3
 Dazzling Flash           Conj/Hex       0%         N/A       100%        3
 Gell's Gravitas          Tloc           0%         N/A       100%        3
 Teleport Other           Tloc           0%         N/A       100%        3
 Iskenderun's Mystic Bla  Conj/Tloc      0%         2d3       100%        4
 Yara's Violent Unravell  Hex/Tmut       0%         3d3       100%        5
 Dispersal                Tloc           0%         N/A       100%        6
 Starburst                Conj/Fire      0%         6d3       100%        6
 Enfeeble                 Hex            0%         N/A       100%        7


Dungeon Overview and Level Annotations

Branches:
Dungeon (7/15)             Temple (0/1) D:4           Sewer (visited)

Altars:
Gozag
Nemelex Xobeh
Sif Muna
Vehumet
Wu Jian

Shops:
D:2 =   D:4 !   D:5 [   D:6 (


Message History

* * * LOW HITPOINT WARNING * * *
You closely miss the orc warrior.
The orc warrior is heavily wounded.
The orc warrior hits you with a +0 long sword.
* * * LOW HITPOINT WARNING * * *
Unknown command.
You feel better. You block the orc warrior's attack.
You feel better.
The orc warrior hits you but does no damage.
You hit the orc warrior but do no damage.
The orc warrior is heavily wounded.
The orc warrior hits you with a +0 long sword.
* * * LOW HITPOINT WARNING * * *
You hit the orc warrior but do no damage.
The orc warrior is heavily wounded.
The orc warrior hits you with a +0 long sword.
* * * LOW HITPOINT WARNING * * *
You closely miss the orc warrior.
The orc warrior is heavily wounded.
An orc comes into view. It is wielding a +0 flail.
The orc warrior hits you but does no damage.
You completely miss the orc warrior.
The orc warrior is heavily wounded.
The orc warrior closely misses you.
You slash the orc warrior!
The orc warrior is severely wounded.
The orc warrior hits you with a +0 long sword!
* * * LOW HITPOINT WARNING * * *
You hit the orc warrior but do no damage.
The orc warrior is severely wounded.
The orc warrior hits you with a +0 long sword!
* * * LOW HITPOINT WARNING * * *
You closely miss the orc warrior.
The orc warrior is severely wounded.
The orc warrior hits you with a +0 long sword.
* * * LOW HITPOINT WARNING * * *
You closely miss the orc warrior.
The orc warrior is severely wounded.
The orc warrior hits you with a +0 long sword!
You die...

*,* **,* *,,, *,** #,*,
#.#. #.#. ######### *...
#.ooo@..#####*### ###.
#.#####.##..,,<.# #...
**,*####.##.#**#.# #.#.
***,,*#....##.####.###,#.
**,,,,,###...........##.##
*,,~~~,,*##.##.......##...
*,~~~~~,*...##.......#####
*,~~~~~,######.##.........
*,~~~~~,**** #.##.##.####.


You could see an orc warrior and 2 orcs.

Vanquished Creatures
  Eustachio (D:5)
  Menkaure (D:5)
  2 ice beasts
  A sky beast (D:6)
  2 black bears
  3 ogres
  Blork the orc (D:6)
  2 necrophages
  A scorpion (D:6)
  2 howler monkeys (D:7)
  A gnoll bouda (D:7)
  Natasha (thrice) (D:4)
  2 iguanas (D:5)
  4 orc wizards
  8 gnolls
  9 adders
  A river rat (Sewer)
  2 shadow imps (D:6)
  An ufetubus (D:5)
  4 worms
  2 dart slugs (D:2)
  13 orcs
  7 endoplasms
  3 giant cockroaches
  2 goblins (D:3)
  9 hobgoblins
  9 kobolds
  3 quokkas
  3 training dummies (D:6)
  14 ball pythons
  2 bats (D:3)
  5 frilled lizards
  10 rats
133 creatures vanquished.

Notes
Turn   | Place    | Note
-------+----------+-------------------------------------------
     0 | D:1      | apoch the Hill Orc Fighter began the quest for the Orb.
     0 | D:1      | Reached XP level 1. HP: 19/19 MP: 1/1
   247 | D:1      | Reached skill level 3 in Axes
   315 | D:1      | Reached XP level 2. HP: 19/27 MP: 2/2
  1331 | D:2      | Reached XP level 3. HP: 33/33 MP: 3/3
  1503 | D:2      | Found Ystarphausoe's Jewellery Shoppe.
  2208 | D:3      | Noticed a shining eye
  2210 | D:3      | Found a faded altar of an unknown god.
  2211 | D:3      | Noticed a golden eye
  2211 | D:3      | Noticed a great orb of eyes
  2211 | D:3      | Noticed an eye of devastation
  2220 | D:3      | Prayed at the altar of an unknown god.
  2220 | D:3      | Became a worshipper of the Wu Jian Council
  2220 | D:3      | Reached * piety under Wu Jian
  2297 | D:3      | Found a glowing drain.
  2307 | D:3      | Reached skill level 4 in Axes
  2328 | Sewer    | Entered a sewer
  2350 | Sewer    | Reached XP level 4. HP: 40/40 MP: 4/4
  3369 | D:3      | Reached XP level 5. HP: 47/47 MP: 5/5
  3388 | D:3      | Reached skill level 5 in Axes
  3871 | D:4      | Noticed a black bear
  3881 | D:4      | Killed a black bear
  3882 | D:4      | Reached XP level 6. HP: 31/55 MP: 6/6
  4107 | D:4      | Reached skill level 5 in Fighting
  4107 | D:4      | Reached skill level 6 in Axes
  4121 | D:4      | Reached ** piety under Wu Jian
  4141 | D:4      | Found a staircase to the Ecumenical Temple.
  4380 | D:4      | Noticed Natasha
  4384 | D:4      | Killed Natasha
  4453 | D:4      | Found a radiant altar of Vehumet.
  4480 | D:4      | Reached skill level 5 in Armour
  4550 | D:4      | Noticed Natasha
  4565 | D:4      | Killed Natasha
  4566 | D:4      | Reached XP level 7. HP: 41/61 MP: 7/7
  4895 | D:4      | Found Xuguuwa's Distillery.
  4923 | D:4      | Noticed Natasha
  4933 | D:4      | Killed Natasha
  4934 | D:4      | Reached skill level 7 in Axes
  4995 | D:5      | Entered Level 5 of the Dungeon
  5037 | D:5      | Noticed Eustachio
  5076 | D:5      | Killed Eustachio
  5213 | D:5      | Found an opulent altar of Gozag.
  5214 | D:5      | Noticed Menkaure
  5218 | D:5      | Reached skill level 8 in Axes
  5223 | D:5      | Killed Menkaure
  5224 | D:5      | Reached XP level 8. HP: 52/71 MP: 8/8
  5329 | D:5      | Identified the +9 spear of Welerch {vorpal, Fly}
  5607 | D:5      | Found Jaun's Armour Shop.
  5690 | D:5      | Reached skill level 9 in Axes
  6019 | D:6      | Noticed Blork the orc
  6025 | D:6      | Killed Blork the orc
  6026 | D:6      | Reached skill level 10 in Axes
  6076 | D:6      | Found a shimmering blue altar of Sif Muna.
  6101 | D:6      | Got Sif Muna's Textbook on Transmutation
  6120 | D:6      | Found Rofeome Ripn's Firing Range.
  6131 | D:6      | Reached *** piety under Wu Jian
  6178 | D:6      | Found a sparkling altar of Nemelex Xobeh.
  6391 | D:6      | Reached XP level 9. HP: 79/79 MP: 9/9
  7008 | D:7      | HP: 3/80 [orc warrior/+0 long sword (7)]
  7009 | D:7      | HP: 1/80 [orc warrior/+0 long sword (3)]
  7010 | D:7      | Slain by an orc warrior

Illustrated notes

Levels and vault maps discovered:
D:1:      psy_arrival_spokes, layout_basic
D:2:      layout_basic, serial_shops, nicolae_shop_stone
D:3:      layout_basic, hellmonk_ecumenical_altar_watching_god,
          cheibrodos_sewer_entry_bend
D:4:      layout_cave_pods, nicolae_vehumet_altar_sigil,
          minmay_temple_entry_hall, serial_shops, kennysheep_mini, uniq_natasha
D:5:      layout_basic, old_standard_altar, serial_shops,
          nicolae_shop_statue_plus, minmay_checkerbox, uniq_eustachio,
          uniq_menkaure
D:6:      layout_basic, general_overflow_altar, led_sif_book,
          hangedman_decor_points, nicolae_shop_firing_range, uniq_blork_the_orc
D:7:      layout_loops_cross, elyvilon_altar_1, makhleb_blood_cavern_becter,
          enter_bailey_4, serial_shops, nicolae_lakefront_shop,
          uniq_crazy_yiuf_cottage, uniq_prince_ribbit1

Skill      XL: |  1  2  3  4  5  6  7  8  9 |
---------------+----------------------------+-----
Axes           | 3 4 5 6 8 10 | 10.8
Fighting       | 4 5 6 7 |  7.7
Armour         | 4 5 6 7 |  7.1
Shields        | |  3.7

Action                   |  1- 3 |  4- 6 |  7- 9 || total
-------------------------+-------+-------+-------++-------
Melee: War axe           |    97 |   115 |   232 ||   444
 Fire: Sling             |     5 |     7 |       ||    12
Throw: Stone             |    24 |     4 |       ||    28
       Dart              |       |    13 |     2 ||    15
Invok: Whirlwind         |     1 |     6 |     9 ||    16
       Lunge             |       |     8 |    11 ||    19
 Abil: Wall Jump         |       |       |     5 ||     5
  Use: Scroll            |     5 |       |     1 ||     6
       Potion            |       |       |     2 ||     2
Armor: Scale mail        |    35 |       |       ||    35
       Chain mail        |     8 |    81 |   119 ||   208
Dodge: Dodged            |    34 |    36 |    59 ||   129
Block: Buckler           |    21 |    26 |    43 ||    90
